 Dungeon Crawl Stone Soup version 0.31-a0-626-g8143ab4f1d (webtiles) character file.

Game seed: 13457127628091589946

476 Iich the Trooper (level 6, -3/51 HPs)
             Began as a Demonspawn Fighter on Aug 25, 2023.
             Slain by an orc priest
             ... wielding a +0 short sword
              (4 damage)
             ... on level 4 of the Dungeon.
             The game lasted 00:06:48 (2280 turns).

Iich the Trooper (Demonspawn Fighter)               Turns: 2280, Time: 00:06:49

Health: -3/51      AC: 14    Str: 18    XL:     6   Next: 84%
Magic:  6/6        EV:  9    Int: 10    God:
Gold:   193        SH:  5    Dex: 20    Spells: 5/5 levels left

rFire   . . .        a - +0 war axe
rCold   . . .        c - +0 buckler
rNeg    . . .        q - +0 chain mail
rPois   .            (helmet restricted)
rElec   .            (no cloak)
rCorr   .            n - +0 pair of gloves
SInv    .            (no boots)
Will    .....        j - amulet of magic regeneration Stlth
                     m - +4 ring of protection
HPRegen 0.28/turn    e - +6 ring of dexterity
MPRegen 0.50/turn

%: no passive effects
@: no status effects
A: horns 2, thin skeletal structure 1, demonic magic 1
a: no special abilities


You were on level 4 of the Dungeon.
You visited 1 branch of the dungeon, and saw 4 of its levels.

You collected 193 gold pieces.

Inventory:

Hand Weapons
 a - a +0 war axe (weapon)
Armour
 b - a +0 scale mail
 c - a +0 buckler (worn)
 n - a +0 pair of gloves (worn)
 o - a +0 plate armour
 q - a +0 chain mail (worn)
Jewellery
 e - a +6 ring of dexterity (right hand)
 j - an amulet of magic regeneration (around neck)
 m - a +4 ring of protection (left hand)
 u - a ring of fire
 v - a ring of positive energy
 N - a ring of positive energy
Scrolls
 f - a scroll of immolation
 i - a scroll of vulnerability
 l - a scroll of enchant weapon
 p - a scroll of noise
 s - a scroll of acquirement {unknown}
 t - 3 scrolls of teleportation
Potions
 d - a potion of might
 g - a potion of heal wounds {unknown}
 h - a potion of berserk rage {unknown}
 k - a potion of haste {unknown}
 r - a potion of attraction {unknown}


   Skills:
 + Level 5.1 Fighting
 + Level 4.1 Axes
 - Level 2.6 Armour
 + Level 3.5 Dodging
 - Level 2.6 Shields


You had 5 spell levels left.
You didn't know any spells.
Your spell library contained the following spells:

 Spells                   Type           Power      Damage    Failure   Level
 Apportation              Tloc           0%         N/A       99%         1
 Kiss of Death            Conj/Necr      0%         2d5       99%         1
 Necrotise                Necr           0%         1d4       99%         1
 Summon Small Mammal      Summ           0%         N/A       99%         1
 Confusing Touch          Hex            0%         N/A       100%        3
 Inner Flame              Hex/Fire       0%         N/A       100%        3
 Dispel Undead            Necr           0%         3d6       100%        4
 Flame Wave               Conj/Fire      0%         2d4       100%        4
 Sticky Flame             Conj/Fire      0%         2d3       100%        4


Dungeon Overview and Level Annotations

Branches:
Dungeon (4/15)
 Temple: D:4-7

Altars:
Fedhas
Kikubaaqudgha
Qazlal


Innate Abilities, Weirdness & Mutations

You have a pair of horns on your head.
You have a somewhat thin skeletal structure. (Dex +2, Stealth+)
Spells you cast may paralyse adjacent enemies.


Message History

You are too confused!
You are too confused!
An orc comes into view. It is wielding a +0 club.
The orc shouts!
The orc moves out of view.
The orc priest barely misses you.
You are too confused!
You are too confused!
You are too confused!
The orc attacks as it pursues you! The orc hits you but does no damage.
The orc priest calls down the wrath of Beogh upon you.
Beogh smites you!
You take 8 damage, and have 43/51 hp.
The orc hits you with a +0 mace.
The orc priest calls down the wrath of Beogh upon you.
Beogh smites you!
* * * LOW HITPOINT WARNING * * *
You take 21 damage, and have 22/51 hp. !!!!--MASSIVE DAMAGE--!!!!
You miss the orc wizard. You closely miss the orc.
You feel less confused.
The orc wizard hits you but does no damage.
The orc hits you but does no damage.
You barely miss the orc priest. You completely miss the orc.
You slash the orc wizard!
The orc wizard hits you but does no damage.
You block the orc's attack.
The orc priest calls down the wrath of Beogh upon you.
Beogh smites you!
* * * LOW HITPOINT WARNING * * *
You take 10 damage, and have 13/51 hp.
You hit the orc priest.
The orc priest is lightly wounded.
You closely miss the orc wizard. You hit the orc. The orc closely misses you.
The orc priest mumbles some strange prayers to Beogh against you.
Beogh smites you!
* * * LOW HITPOINT WARNING * * *
The orc wizard hits you but does no damage.
You block the orc's attack. x2
The orc priest hits you with a +0 short sword.
You die...

......###+###.......
.......# #...........
...#...# +...........
...#...# #...........
...#...######...........
####...#...............#
....†..#...............#
.......#...............#
.......#.......o@......#
.......#.......ooo.....#
.......#...............#
.#######...............#
.#...........#####......
.'...........#...+......
.#..........>'...#......
.#...........#...#......
.#...........#...# .....


You could see an orc priest, an orc wizard and 2 orcs.

Vanquished Creatures
  Sigmund (D:3)
  An ogre (D:3)
  A hound (D:3)
  Jessica (D:2)
  7 adders
  A worm (D:2)
  3 dart slugs
  4 orcs (D:4)
  7 endoplasms
  5 giant cockroaches
  17 goblins
  7 hobgoblins
  4 jackals
  2 quokkas
  4 ball pythons
  8 bats
  4 frilled lizards
  12 kobolds
  5 rats
94 creatures vanquished.

Notes
Turn   | Place    | Note
-------+----------+-------------------------------------------
     0 | D:1      | Iich the Demonspawn Fighter began the quest for the Orb.
     0 | D:1      | Reached XP level 1. HP: 18/18 MP: 1/1
    74 | D:1      | Gained mutation: You have a pair of small horns on your
                  | head. [demonic ancestry]
    74 | D:1      | Reached XP level 2. HP: 24/24 MP: 2/2
   207 | D:1      | Reached skill level 1 in Dodging
   456 | D:1      | Gained mutation: You have a pair of horns on your head.
                  | [demonic ancestry]
   456 | D:1      | Reached XP level 3. HP: 26/29 MP: 3/3
   822 | D:2      | Noticed Jessica
   829 | D:2      | Killed Jessica
   830 | D:2      | Reached XP level 4. HP: 30/37 MP: 4/4
   906 | D:2      | Reached skill level 4 in Fighting
  1311 | D:3      | Gained mutation: You have a somewhat thin skeletal
                  | structure. (Dex +2, Stealth+) [demonic ancestry]
  1311 | D:3      | Reached XP level 5. HP: 39/42 MP: 5/5
  1640 | D:3      | Noticed Sigmund
  1649 | D:3      | Killed Sigmund
  1650 | D:3      | Gained mutation: Spells you cast may paralyse adjacent
                  | enemies. [demonic ancestry]
  1650 | D:3      | Reached XP level 6. HP: 45/50 MP: 6/6
  1978 | D:3      | Reached skill level 5 in Fighting
  2118 | D:4      | Found a stormy altar of Qazlal.
  2129 | D:4      | Found an ancient bone altar of Kikubaaqudgha.
  2134 | D:4      | Found a blossoming altar of Fedhas.
  2280 | D:4      | HP: 1/51 [orc priest/divine providence (13)]
  2280 | D:4      | Slain by an orc priest

Illustrated notes

Levels and vault maps discovered:
D:1:      saegor_arrival_simple_a, layout_rooms
D:2:      layout_loops_ring, st_stairs_14, feat_on_display, uniq_jessica
D:3:      layout_basic, grunt_ministairs_2, minmay_ogre_servants, uniq_sigmund
D:4:      layout_gridville, nicolae_overflow_hidden_temple,
          kennysheep_generic_room_7

Skill      XL: |  1  2  3  4  5  6 |
---------------+-------------------+-----
Axes           | 2 3 4 |  4.1
Dodging        | 1 2 3 |  3.5
Fighting       | 4 5 |  5.1
Armour         | |  2.6
Shields        | |  2.6

Action                     |  1- 3 |  4- 6 || total
---------------------------+-------+-------++-------
  Melee: War axe           |    81 |   108 ||   189
         Headbutt          |     9 |    19 ||    28
    Use: Scroll            |     2 |     3 ||     5
 Armour: Scale mail        |    49 |       ||    49
         Chain mail        |       |    70 ||    70
  Dodge: Dodged            |    47 |    52 ||    99
  Block: Buckler           |    28 |    24 ||    52

Table legend: (Time is in decaauts)
 A = Elapsed time spent in this place.
 B = Non-inter-level travel time spent in this place.
 C = Inter-level travel time spent in this place.
 D = Time resting spent in this place.
 E = Time spent auto-exploring this place.
 F = Levels seen in this place.
 G = Mean time per level.
                   A        B        C        D        E       F      G
               +--------+--------+--------+--------+--------+-----+--------+
         Total |   2350 |   2272 |     78 |     30 |   1662 |   4 |  587.5 |
       Dungeon |   2350 |   2272 |     78 |     30 |   1662 |   4 |  587.5 |
               +--------+--------+--------+--------+--------+-----+--------+

Top non-repeatable levels by time:
     D:3: 852 daAuts
     D:2: 696 daAuts
     D:1: 581 daAuts
     D:4: 220 daAuts
